 Dungeon Crawl Stone Soup version 0.26.1-11-gd32895ea62 (webtiles) character file.

Game seed: 7940062771988674017

63 vvl the Slasher (level 3, -5/29 HPs)
             Began as a Demonspawn Monk on June 2, 2021.
             Slain by Sigmund
             ... wielding a +5 vorpal scythe
              (13 damage)
             ... on level 2 of the Dungeon.
             The game lasted 00:03:10 (1743 turns).

vvl the Slasher (Demonspawn Monk)                   Turns: 1743, Time: 00:03:10

Health: -5/29      AC:  5    Str: 12    XL:     3   Next: 89%
Magic:  3/3        EV: 11    Int: 11    God:
Gold:   18         SH:  0    Dex: 15    Spells: 2/2 levels left

rFire    . . .     SeeInvis .   a - +0 falchion
rCold    . . .     Faith    .   (no shield)
rNeg     . . .     Spirit   .   i - +0 ring mail
rPois    .         Reflect  .   (helmet restricted)
rElec    .         Harm     .   (no cloak)
rCorr    .         Rampage  .   (no gloves)
Will     .....                  (no boots)
Stlth    +.........             (no amulet)
HPRegen  0.09/turn              (no ring)
MPRegen  0.08/turn              (no ring)

@: no status effects
A: horns 1
a: no special abilities


You were on level 2 of the Dungeon.
You visited 1 branch of the dungeon, and saw 2 of its levels.

You collected 18 gold pieces.

Inventory:

Hand Weapons
 a - a +0 falchion (weapon)
Missiles
 k - 3 javelins (quivered)
Armour
 i - a +0 ring mail (worn)
Scrolls
 b - a scroll of remove curse {unknown}
 c - a scroll of enchant armour {unknown}
 d - 3 scrolls of magic mapping {unknown}
 e - a scroll of amnesia {unknown}
 f - a scroll of random uselessness {unknown}
 h - 2 scrolls of identify {unknown}
 j - a scroll of teleportation {unknown}
Potions
 g - 2 potions of curing {unknown}


   Skills:
 + Level 3.4 Fighting
 * Level 3.4 Long Blades
 + Level 1.2 Armour
 - Level 2.6 Dodging
 - Level 1.7 Stealth
 + Level 1.5 Necromancy


You had 2 spell levels left.
You didn't know any spells.
Your spell library was empty.

Dungeon Overview and Level Annotations

Branches:
Dungeon (2/15)

Altars:

Annotations:
D:2 Sigmund


Innate Abilities, Weirdness & Mutations

You have a pair of small horns on your head.


Message History

Sigmund closely misses you.
There is a stone staircase leading up here.
Sigmund closely misses you.
You climb upwards.
There is a stone staircase leading down here.
Things that are here:
a +0 robe; a +0 club You start resting.
HP restored.
You climb downwards.
Level annotation: Sigmund
There is a stone staircase leading up here.
Sigmund casts a spell at you. The puff of flame hits you!
Sigmund hits you with a +5 vorpal scythe!
* * * LOW HITPOINT WARNING * * *
You hit Sigmund.
Sigmund is lightly wounded.
Sigmund hits you with a +5 vorpal scythe!
You die...

#. ##.# ...
#..####.# #.#
#.......# ..#
##.##.#.## #)#
#.##.###.#
#.###@..# #.#
##)#######
#.##@####........
#....@.....######
###.###<...# #.
#.#..# #.
#......+ #.
##.#.### #. ...#
#. #...# .#..
....


You could see Sigmund.

Vanquished Creatures
  Jessica (D:1)
  An ooze (D:1)
  A dart slug (D:1)
  A leopard gecko (D:1)
  2 giant cockroaches (D:1)
  3 goblins (D:1)
  6 hobgoblins
  6 bats (D:1)
  2 frilled lizards (D:1)
  3 kobolds (D:1)
  3 rats (D:1)
29 creatures vanquished.

Notes
Turn   | Place    | Note
-------+----------+-------------------------------------------
     0 | D:1      | vvl the Demonspawn Monk began the quest for the Orb.
     0 | D:1      | Reached XP level 1. HP: 18/18 MP: 1/1
     6 | D:1      | Noticed a redback
     6 | D:1      | Noticed a snapping turtle
     6 | D:1      | Noticed a polar bear
     6 | D:1      | Noticed a black mamba
   116 | D:1      | Gained mutation: You have a pair of small horns on your
                  | head. [demonic ancestry]
   116 | D:1      | Reached XP level 2. HP: 20/24 MP: 2/2
   249 | D:1      | Reached skill level 1 in Necromancy
   649 | D:1      | Reached XP level 3. HP: 29/29 MP: 3/3
   704 | D:1      | Reached skill level 1 in Armour
  1217 | D:2      | Noticed Jessica
  1224 | D:2      | Noticed Sigmund
  1243 | D:1      | Killed Jessica
  1743 | D:2      | Slain by Sigmund

Illustrated notes

Levels and vault maps discovered:
D:1:      onia_arrival_zoo_common, layout_loops_ring
D:2:      layout_loops_ring, lemuel_doored_altar, uniq_jessica, uniq_robin,
          uniq_sigmund

Skill      XL: |  1  2  3 |
---------------+----------+-----
Long Blades    | 3 |  3.4
Necromancy     | 1 |  1.5
Armour         | 1 |  1.2
Fighting       | |  3.4
Dodging        | |  2.6
Stealth        | |  1.7

Action                   || total
-------------------------++-------
Melee: Falchion          ||    87
       Headbutt          ||     9
 Stab: Sleeping          ||     4
Armor: Robe              ||    14
       Ring mail         ||    15
Dodge: Dodged            ||    69
       Rpst.: Falchion   ||    23
